 Dungeon Crawl Stone Soup version 0.32-a0-141-g04fe69798e (webtiles) character file.

Game seed: 13824190484805175176

2462 MacCMillion the Ducker (level 9, -10/66 HPs)
             Began as a Djinni Alchemist on Feb 11, 2024.
             Was an Initiate of Makhleb.
             Mangled by a wraith (11 damage)
             ... on level 6 of the Dungeon.
             The game lasted 00:13:40 (8144 turns).

MacCMillion the Ducker (Djinni Alchemist)           Turns: 8144, Time: 00:13:41

Health: -10/66     AC:  2    Str:  7    XL:     9   Next: 79%
Gold:   377        EV: 15    Int: 21    God:    Makhleb [......] SH:  0 Dex: 14

rFire   + + .        n - +3 short sword
rCold   x . .        (no shield)
rNeg    + . .        a - +0 robe
rPois   ∞            (no helmet)
rElec   .            (no cloak)
rCorr   +            (no gloves)
SInv    .            (boots unavailable)
Will    .....        (no amulet)
Stlth   +++          A - ring of resist corrosion
HPRegen 0.31/turn    C - ring of positive energy
MPRegen 0.00/turn

%: infuse magic (-11 HP)
@: flying, slowed, very slow
A: sickness immunity, fire resistance 2, cold vulnerability 1, float, innate
caster, HP casting, extra vitality 1
a: Renounce Religion


You were on level 6 of the Dungeon.
You worshipped Makhleb.
Makhleb was noncommittal.
You visited 2 branches of the dungeon, and saw 8 of its levels.
You also visited: Sewer.

You collected 377 gold pieces.

Inventory:

Hand Weapons
 k - a +0 falchion
 n - a +3 short sword (weapon)
Armour
 a - a +0 robe (worn)
Jewellery
 A - a ring of resist corrosion (left hand)
 C - a ring of positive energy (right hand)
Wands
 u - a wand of paralysis (6)
 w - a wand of polymorph (8)
 B - a wand of flame (6)
Scrolls
 d - 4 scrolls of blinking {unknown}
 e - 8 scrolls of identify {unknown}
 g - 2 scrolls of fog {unknown}
 i - 4 scrolls of poison {unknown}
 j - 3 scrolls of teleportation {unknown}
 l - 2 scrolls of immolation {unknown}
 q - a scroll of butterflies {unknown}
 r - a scroll of enchant armour {unknown}
 t - 3 scrolls of fear {unknown}
 v - a scroll of amnesia {unknown}
 x - 2 scrolls of brand weapon {unknown}
 y - 4 scrolls of vulnerability {unknown}
 D - a scroll of revelation {unknown}
Potions
 b - 3 potions of brilliance {unknown}
 c - 2 potions of enlightenment {unknown}
 f - 5 potions of heal wounds {unknown}
 h - 2 potions of curing {unknown}
 m - a potion of cancellation {unknown}
 o - 2 potions of haste {unknown}
 p - a potion of mutation {unknown}
 s - 2 potions of degeneration {unknown}
 z - a potion of lignification {unknown}


   Skills:
 + Level 6.1 Fighting
 + Level 7.1 Dodging
 + Level 5.0 Stealth
 + Level 6.3 Spellcasting
 + Level 6.3 Conjurations
 + Level 6.3 Hexes
   Level 0.0 Charms
 + Level 6.3 Summonings
 + Level 6.3 Necromancy
 + Level 6.3 Translocations
   Level 0.0 Transmutations
 + Level 6.3 Fire Magic
 + Level 6.3 Ice Magic
 + Level 6.3 Air Magic
 + Level 6.3 Earth Magic
 + Level 6.3 Alchemy


You knew the following spells:

 Your Spells              Type           Power      Damage    Failure   Level
a - Sting                 Conj/Alch      100%       1d9       1%          1
b - Mercury Vapours       Alch/Air       66%        N/A       1%          2
c - Mephitic Cloud        Conj/Alch/Air  33%        N/A       2%          3
d - Olgreb's Toxic Radia  Alch           33%        N/A       7%          4
e - Sticky Flame          Fire/Alch      33%        2d7       7%          4
f - Slow                  Hex            100%       N/A       1%          1
g - Lesser Beckoning      Tloc           66%        N/A       1%          2
h - Sigil of Binding      Hex            33%        N/A       2%          3
i - Fugue of the Fallen   Necr           33%        N/A       2%          3
Your spell library was empty.

Dungeon Overview and Level Annotations

Branches:
Dungeon (7/15)             Temple (1/1) D:6           Sewer (visited)

Altars:
Ashenzari
Cheibriados
Dithmenos
Elyvilon
Fedhas
Gozag
Hepliaklqana
Makhleb
Nemelex Xobeh
Okawaru
Qazlal
Ru
Trog
Uskayaw
Wu Jian
Yredelemnul
Zin

Shops:
D:4 (


Innate Abilities, Weirdness & Mutations

You are immune to sickness and miasma.
You are immune to poison.
Your flesh is very heat resistant. (rF++)
You are vulnerable to cold. (rC-)
You float through the air rather than walking.
You learn spells naturally, not from books.
Your magical power is your life essence.
You have superior vitality. (+4 MHP)


Message History

Confirm with . or Enter, or press ? or * to list all spells.
Okay, then.
The bullfrog is engulfed in noxious fumes.
The bullfrog appears confused.
The wraith hits you!
* * * LOW HITPOINT WARNING * * *
The wraith drains your vigour!
You feel yourself slow down.
You are too injured to fight recklessly!
The wraith hits you.
* * * LOW HITPOINT WARNING * * *
The wraith drains your vigour!
You feel as though you will be slow longer.
The bullfrog is engulfed in noxious fumes.
The bullfrog appears confused.
The wyvern is engulfed in noxious fumes.
The wyvern is engulfed in noxious fumes.
The bullfrog hits the wyvern but does no damage.
The bullfrog barely misses itself.
The wraith barely misses you.
The wyvern bites the bullfrog!
The bullfrog is killed!
Makhleb accepts your kill. The wraith barely misses you.
A sky beast appears from thin air!
Reactivating autopickup.
The wyvern seems less confused.
The wraith attacks as it pursues you! The wraith hits you.
* * * LOW HITPOINT WARNING * * *
The sky beast barely misses you. The wraith closely misses you.
There is a stone staircase leading up here.
The sky beast misses you. The wraith hits you.
* * * LOW HITPOINT WARNING * * *
The sky beast hits you but does no damage.
You fly upwards.
There is a stone staircase leading down here.
The sky beast flickers out of sight!
Deactivating autopickup; reactivate with Ctrl-A.
Something hits you.
* * * LOW HITPOINT WARNING * * *
Something shocks you.
* * * LOW HITPOINT WARNING * * *
The wraith hits you!
You die...

..............# #...............
..............# #...............
..............# #...............
..............# #...............
......############...............
...#.##########..##......#######.
...#........##ß{.ß##.##'########.
..........#.#..{........# #...##.
.#.######.#....W@.).....# #...##.
##.#......#.##ß..ß#.....# #...##.
...#.###..#.###..##..##.# #...###
####.# #......##.##[.##.###...##.
#.###.##.#.##.##).............
#.#......#.##.##.###.###...###
#.#.#.####....#....#.###......
##.#.#.############.#.....)....
###.####........#####.#####......


You could see a wraith.

Vanquished Creatures
  A hornet (D:6)
  Grinder (D:3)
  Sigmund (D:3)
  A black bear (D:6)
  2 orc warriors (D:6)
  2 sky beasts (D:6)
  2 ogres (D:6)
  A centaur (D:6)
  A phantom (D:5)
  A kobold brigand (Sewer)
  2 bullfrogs
  A scorpion (D:5)
  6 bombardier beetles
  2 quasits (Sewer)
  2 hounds (D:4)
  4 orc priests
  4 iguanas
  2 orc wizards (D:6)
  Ijyb (D:3)
  Robin (D:3)
  4 gnolls (D:4)
  7 adders
  A river rat (D:5)
  3 shadow imps
  2 ufetubi (D:5)
  An adder zombie (Sewer)
  7 orcs
  6 ball pythons
  6 endoplasms
  6 giant cockroaches
  9 goblins
  5 hobgoblins
  12 jackals
  16 kobolds
  2 quokkas
  7 bats
  2 frilled lizards
  A kobold zombie (Sewer)
  2 rats (D:1)
137 creatures vanquished.

Vanquished Creatures (others)
  An endoplasm (Sewer)
  A goblin (D:3)
2 creatures vanquished.

Grand Total: 139 creatures vanquished

Notes
Turn   | Place    | Note
-------+----------+-------------------------------------------
     0 | D:1      | MacCMillion the Djinni Alchemist began the quest for the
                  | Orb.
     0 | D:1      | MacCMillion set off with the following spells memorised:
                  | Sting, Mercury Vapours, Mephitic Cloud, Olgreb's Toxic
                  | Radiance, Sticky Flame.
     0 | D:1      | Reached XP level 1. HP: 15/15 MP: 0/0
    98 | D:1      | Reached XP level 2. HP: 20/21 MP: 0/0
   761 | D:1      | Reached XP level 3. HP: 23/25 MP: 0/0
   761 | D:1      | Learned a level 1 spell: Slow
   820 | D:1      | Found a faded altar of an unknown god.
  1432 | D:2      | Reached XP level 4. HP: 29/31 MP: 0/0
  1830 | D:3      | You are sucked into a shaft and drop 2 floors!
  1830 | D:5      | Entered Level 5 of the Dungeon
  1888 | D:5      | Found an iron altar of Okawaru.
  2050 | D:5      | Reached XP level 5. HP: 34/35 MP: 0/0
  2050 | D:5      | Learned a level 2 spell: Lesser Beckoning
  2215 | D:5      | Reached skill level 5 in Spellcasting
  2215 | D:5      | Reached skill level 5 in Conjurations
  2215 | D:5      | Reached skill level 5 in Hexes
  2215 | D:5      | Reached skill level 5 in Summonings
  2215 | D:5      | Reached skill level 5 in Necromancy
  2215 | D:5      | Reached skill level 5 in Translocations
  2215 | D:5      | Reached skill level 5 in Fire Magic
  2215 | D:5      | Reached skill level 5 in Ice Magic
  2215 | D:5      | Reached skill level 5 in Air Magic
  2215 | D:5      | Reached skill level 5 in Earth Magic
  2215 | D:5      | Reached skill level 5 in Alchemy
  2229 | D:5      | Reached XP level 6. HP: 25/40 MP: 0/0
  2433 | D:5      | Found a glowing drain.
  2437 | Sewer    | Entered a sewer
  2911 | Sewer    | Found a burning altar of Makhleb.
  3277 | Sewer    | Reached XP level 7. HP: 29/45 MP: 0/0
  3277 | Sewer    | Learned a level 3 spell: Sigil of Binding
  3656 | D:5      | Reached skill level 1 in Fighting
  3656 | D:5      | Reached skill level 3 in Dodging
  4391 | D:4      | Reached skill level 4 in Dodging
  4398 | D:4      | Reached XP level 8. HP: 31/56 MP: 0/0
  4882 | D:4      | Found Ynongygeu's Weapon Shop.
  5016 | D:3      | Noticed Grinder
  5023 | D:3      | Killed Grinder
  5024 | D:3      | Reached skill level 5 in Dodging
  5025 | D:3      | Noticed Ijyb
  5040 | D:3      | Killed Ijyb
  5047 | D:3      | Noticed Sigmund
  5055 | D:3      | Killed Sigmund
  5443 | D:3      | Found a stormy altar of Qazlal.
  5572 | D:3      | Noticed Robin
  5581 | D:3      | Killed Robin
  5621 | D:3      | Found a white marble altar of Elyvilon.
  6066 | D:6      | Reached XP level 9. HP: 32/64 MP: 0/0
  6066 | D:6      | Learned a level 3 spell: Fugue of the Fallen
  6093 | D:6      | Reached skill level 6 in Dodging
  6498 | D:6      | Reached skill level 5 in Fighting
  6906 | D:6      | Noticed a hornet
  6911 | D:6      | Killed a hornet
  7205 | D:6      | Found a staircase to the Ecumenical Temple.
  7387 | Temple   | Found a transporter.
  7387 | Temple   | Found a transporter.
  7387 | Temple   | Found a transporter.
  7387 | Temple   | Found a transporter.
  7387 | Temple   | Entered the Ecumenical Temple
  7399 | Temple   | Became a worshipper of Makhleb the Destroyer
  7839 | D:6      | Reached skill level 7 in Dodging
  8095 | D:6      | Reached skill level 5 in Stealth
  8144 | D:6      | HP: 1/66 [something (5)]
  8144 | D:6      | Mangled by a wraith

Illustrated notes

Levels and vault maps discovered:
D:1:      dpeg_arrival_boxorama, layout_basic, shapermc_ecumenical_altar_gd
D:2:      layout_basic, nicolae_figureground_sparkle
D:3:      layout_loops_cross, elyvilon_altar_4,
          nicolae_qazlal_general_emergency, uniq_robin, uniq_ijyb, uniq_sigmund,
          uniq_grinder
D:4:      layout_rooms, serial_shops, nicolae_shop_window_shopping
D:5:      layout_basic, okawaru_ov_weapons_minmay, gup_sewer_entry_spiral,
          serial_curves, eino_curves_02, eino_curves_01
D:6:      layout_basic, minmay_temple_entry_fiery, dk_noncrumbling_4,
          st_stairs_6, minivault_10
D:7:      layout_cave_pools, nicolae_tso_besieged_by_evil,
          lightli_ossuary_entry_decrepit_ruins,
          nicolae_shop_i_like_small_books_too
Temple:   hellmonk_temple_divided_pantheon

Skill      XL: |  1  2  3  4  5  6  7  8  9 |
---------------+----------------------------+-----
Stealth        | 2 3 5 |  5.0
Spellcasting   | 4 5 6 |  6.3
Conjurations   | 4 5 6 |  6.3
Hexes          | 4 5 6 |  6.3
Summonings     | 4 5 6 |  6.3
Necromancy     | 4 5 6 |  6.3
Translocations | 4 5 6 |  6.3
Fire Magic     | 4 5 6 |  6.3
Ice Magic      | 4 5 6 |  6.3
Air Magic      | 4 5 6 |  6.3
Earth Magic    | 4 5 6 |  6.3
Alchemy        | 4 5 6 |  6.3
Fighting       | 3 4 6 |  6.1
Dodging        | 4 5 7 |  7.1

Action                     |  1- 3 |  4- 6 |  7- 9 || total
---------------------------+-------+-------+-------++-------
  Melee: Unarmed           |     3 |     3 |     7 ||    13
         Short sword       |       |       |    43 ||    43
         Punch             |       |       |     1 ||     1
   Cast: Sting             |    58 |    52 |    54 ||   164
         Sticky Flame      |       |     7 |    12 ||    19
         Olgreb's Toxic Ra |       |     5 |    30 ||    35
         Mephitic Cloud    |       |     1 |    29 ||    30
  Evoke: Wand              |       |       |     1 ||     1
   Stab: Sleeping          |       |       |     2 ||     2
         Confused          |       |       |     2 ||     2
 Armour: Robe              |     5 |    20 |    41 ||    66
  Dodge: Dodged            |    16 |    25 |    54 ||    95

Table legend: (Time is in decaauts)
 A = Elapsed time spent in this place.
 B = Non-inter-level travel time spent in this place.
 C = Inter-level travel time spent in this place.
 D = Time resting spent in this place.
 E = Time spent auto-exploring this place.
 F = Levels seen in this place.
 G = Mean time per level.
                   A        B        C        D        E       F      G
               +--------+--------+--------+--------+--------+-----+--------+
         Total |   8142 |   7774 |    368 |   2632 |   4011 |   9 |  904.7 |
       Dungeon |   7039 |   6684 |    355 |   1932 |   3824 |   7 | 1005.6 |
        Temple |     32 |     20 |     12 |      0 |      0 |   1 |   32.0 |
         Sewer |   1070 |   1070 |      0 |    700 |    187 |   1 | 1070.0 |
               +--------+--------+--------+--------+--------+-----+--------+

Top non-repeatable levels by time:
     D:5: 1901 daAuts
     D:6: 1666 daAuts
     D:1: 1174 daAuts
     D:3: 1160 daAuts
   Sewer: 1070 daAuts
     D:2: 652 daAuts
     D:4: 460 daAuts
  Temple: 32 daAuts
     D:7: 24 daAuts
